 Dungeon Crawl Stone Soup version 0.20-a0-999-gb5f2a4e (webtiles) character file.

11643 ungreg the Fighter (level 11, -4/95 HPs)
             Began as a Barachi Monk on Apr 11, 2017.
             Was a Priest of Cheibriados.
             Slain by a two-headed ogre
             ... wielding a +0 giant club
              (10 damage)
             ... on level 10 of the Dungeon.
             The game lasted 00:43:14 (16025 turns).

ungreg the Fighter (Barachi Monk)                  Turns: 16025, Time: 00:43:14

Health: -4/95      AC: 23    Str: 19    XL:     11   Next: 80%
Magic:  0/4        EV: 12    Int: 18    God:    Cheibriados [***...]
Gold:   458        SH:  0    Dex: 22    Spells: 10/10 levels left

rFire    + . .     SeeInvis .   O - +0 morningstar (antimagic)
rCold    + . .     Gourm    .   (no shield)
rNeg     . . .     Faith    .   o - +0 plate armour
rPois    .         Spirit   +   c - +2 hat
rElec    .         Reflect  .   e - scarf {rC+}
rCorr    .         Harm     .   m - +0 pair of gloves
MR       .....                  (no boots)
Stlth    ..........             n - amulet of guardian spirit
Regen    0.3/turn               R - ring of protection from fire
MPRegen  0.1/turn               F - +5 ring of protection

@: can't hop, drained, very slow
A: +LOS, swims, slowness 1, strong legs 1
a: Hop, Bend Time, Temporal Distortion, Renounce Religion


You were on level 10 of the Dungeon.
You worshipped Cheibriados.
Cheibriados was most pleased with you.
You were hungry.

You visited 2 branches of the dungeon, and saw 12 of its levels.

You collected 458 gold pieces.

Inventory:

Hand Weapons
 a - a +0 broad axe
 b - a +3 morningstar
 O - a +0 antimagic morningstar (weapon)
Armour
 c - a +2 hat (worn)
 e - a scarf of cold resistance (worn)
 g - a +1 leather armour of fire resistance
 m - a +0 pair of gloves (worn)
 o - a +0 plate armour (worn)
 y - +0 acid dragon scales
Jewellery
 n - an amulet of guardian spirit (around neck)
 F - a +5 ring of protection (right hand)
 P - an uncursed amulet of faith
 R - a ring of protection from fire (left hand)
Wands
 h - a wand of digging (5/24)
 Y - a wand of confusion (20/48)
 Z - a wand of confusion (18/48)
Scrolls
 d - 2 scrolls of amnesia
 f - 4 scrolls of enchant weapon {unknown}
 i - 3 scrolls of identify
 k - 3 scrolls of noise {unknown}
 r - a scroll of random uselessness {unknown}
 t - 2 scrolls of magic mapping {unknown}
 u - 2 scrolls of immolation {unknown}
 v - 3 scrolls of remove curse
 w - 3 scrolls of recharging {unknown}
 C - 2 scrolls of enchant armour {unknown}
 E - 2 scrolls of summoning {unknown}
 L - a scroll of fear {unknown}
 M - a scroll of blinking {unknown}
 S - a scroll of fog
Potions
 x - a potion of flight
 H - 3 potions of mutation
 N - 4 potions of brilliance
 Q - a potion of cancellation
Books
 j - a book of Conjurations

   Spells                             Type                      Level
   a - Magic Dart                     Conjuration                  1
   b - Searing Ray                    Conjuration                  2
   c - Dazzling Spray                 Conjuration/Hexes            3
   d - Fulminant Prism                Conjuration/Hexes            4
   e - Force Lance                    Conjuration/Translocation    4
   f - Iskenderun's Mystic Blast      Conjuration                  4
 p - a book of Minor Magic

   Spells                             Type                      Level
   a - Magic Dart                     Conjuration                  1
   b - Blink                          Translocation                2
   c - Call Imp                       Summoning                    2
   d - Slow                           Hexes                        2
   e - Conjure Flame                  Conjuration/Fire             3
   f - Mephitic Cloud                 Conjuration/Poison/Air       3
 T - a book of Power

   Spells                             Type                      Level
   a - Iskenderun's Battlesphere      Conjuration/Charms           5
   b - Venom Bolt                     Conjuration/Poison           5
   c - Bolt of Magma                  Conjuration/Fire/Earth       5
   d - Iron Shot                      Conjuration/Earth            6
   e - Orb of Destruction             Conjuration                  7
   f - Spellforged Servitor           Conjuration/Summoning        7
Comestibles
 l - 2 fruits
 q - 7 bread rations
 z - 9 royal jellies
 B - 7 meat rations


   Skills:
 + Level 12.0(11.9) Fighting
 + Level 10.7(10.6) Axes
 + Level 11.6(11.5) Armour
 + Level 9.2(9.1) Dodging
 - Level 3.6(3.5) Stealth
 + Level 1.4(1.3) Invocations


You had 10 spell levels left.
You didn't know any spells.

Dungeon Overview and Level Annotations

Branches:
Dungeon (11/15)            Temple (1/1) D:4             Orc (0/2) D:11
   Lair: D:8-11

Altars:
Ashenzari
Cheibriados
Dithmenos
Elyvilon
Fedhas
Gozag
Hepliaklqana
Kikubaaqudgha
Makhleb
Nemelex Xobeh
Okawaru
Qazlal
Ru
Sif Muna
Trog
Uskayaw
Vehumet
Wu Jian
Xom
Yredelemnul
Zin

Annotations:
D:10 Erica


Innate Abilities, Weirdness & Mutations

Shadows flee at your approach. (+LOS)
You can swim through water.
You cover ground slowly.
You can hop short distances.


Message History

The deep troll bites you but does no damage.
The deep troll claws you but does no damage. x2
You climb upwards.
Level annotation: Erica The two-headed ogre hits you but does no damage.
The two-headed ogre hits you with a giant club.
There is a stone staircase leading down, spattered with blood here.
Okay, then.
Okay, then.
Okay, then.
The two-headed ogre closely misses you.
The two-headed ogre hits you but does no damage.
The deep troll bites you!
* * * LOW HITPOINT WARNING * * *
The deep troll misses you. The deep troll claws you.
* * * LOW HITPOINT WARNING * * *
The two-headed ogre hits you with a giant club!
* * * LOW HITPOINT WARNING * * *
The two-headed ogre hits you with a giant club!
You die...

.......+.#........#.#
#......
.......###..........#
#....†. .......#
#........### ####'##
######## #........#
###...# # ##.#######
#...### # #...#
##'###### # ###†#
#........ #
###.######### #....O...
#
#....T@.(...###........
#
#....GO.....#.'........
#
#.............#........
#
#...........###........
# ##.##########
#####'### # #..#######
#.## # ##.......# #..#
# #######.# ##.# ##
#########+## ######'##


You could see a two-headed ogre, a deep troll and an eye of draining.

Vanquished Creatures
  The ghost of DarkwingDuck the Blocker, a journeyman OgTm of Okawaru (D:9)
  Erolcha (D:9)
  2 two-headed ogres (D:9)
  The ghost of rlgrobin the Poker, a novice BuWn (D:5)
  2 deep elf magi (D:9)
  2 trolls (D:10)
  Grinder (D:3)
  2 hornets
  A hippogriff (D:10)
  2 yaks (D:9)
  A shadow (D:6)
  A wraith (D:10)
  2 wyverns (D:9)
  Grum (D:9)
  A hungry ghost (D:9)
  Edmund (D:5)
  2 soldier ants (D:9)
  Duvessa (D:4)
  2 ice beasts
  An orc warrior (D:9)
  A swamp drake (D:9)
  A black bear (D:7)
  5 phantoms
  4 ogres
  3 wolves (D:9)
  4 centaurs
  4 bullfrogs
  A wyvern zombie (D:9)
  Dowan (D:4)
  A water moccasin zombie (D:8)
  A wyvern skeleton (D:10)
  3 scorpions
  12 killer bees (D:9)
  6 wights
  4 howler monkeys
  4 crimson imps
  2 bullfrog zombies
  3 jellies
  9 orc wizards
  A quasit (D:6)
  An orc priest (D:6)
  6 hounds
  2 centaur skeletons (D:6)
  3 iguanas
  An iron imp (D:9)
  Jessica (D:2)
  Ijyb (D:4)
  Terence (D:3)
  10 worker ants
  2 killer bee zombies
  A hound zombie (D:7)
  A worker ant zombie (D:9)
  11 adders
  7 gnolls
  4 shadow imps
  A white imp (D:9)
  2 oozes
  An adder zombie (D:6)
  4 adder skeletons
  8 worms
  8 leopard geckos
  40 orcs
  A ball python (D:1)
  9 bats
  6 giant cockroaches
  9 goblins
  7 hobgoblins
  8 jackals
  7 kobolds
  5 quokkas
  A ball python zombie (D:6)
  6 frilled lizards
  2 jackal skeletons
  A leopard gecko skeleton (D:5)
  A leopard gecko zombie (D:6)
  6 rats
283 creatures vanquished.

Vanquished Creatures (others)
  4 yaks (D:9)
  A hound skeleton (D:9)
  An orc (D:9)
6 creatures vanquished.

Grand Total: 289 creatures vanquished

Notes
Turn   | Place    | Note
-------+----------+-------------------------------------------
     0 | D:1      | ungreg the Barachi Monk began the quest for the Orb.
     0 | D:1      | Reached XP level 1. HP: 20/20 MP: 1/1
   109 | D:1      | Reached skill level 5 in Fighting
   366 | D:1      | Reached skill level 1 in Armour
   667 | D:1      | Reached XP level 2. HP: 27/27 MP: 2/2
   830 | D:1      | HP: 1/27 [jackal (3)]
  1267 | D:1      | Reached XP level 3. HP: 25/33 MP: 3/3
  2060 | D:2      | Noticed Jessica
  2068 | D:2      | Killed Jessica
  2068 | D:2      | Reached XP level 4. HP: 40/40 MP: 4/4
  2389 | D:2      | Reached skill level 6 in Fighting
  2406 | D:2      | You fall through a shaft for 2 floors!
  2445 | D:4      | HP: 2/40 [poisoned by a worker ant]
  2447 | D:4      | Reached XP level 5. HP: 14/46 MP: 5/5
  2681 | D:4      | Noticed a phantom
  2697 | D:4      | Noticed Duvessa
  2697 | D:4      | Noticed Dowan
  2750 | D:4      | Noticed Ijyb
  2822 | D:4      | Killed Ijyb
  2971 | D:4      | Noticed a phantom
  2984 | D:5      | Entered Level 5 of the Dungeon
  3493 | D:3      | Noticed Terence
  3501 | D:3      | Killed Terence
  3501 | D:3      | Reached XP level 6. HP: 45/53 MP: 4/6
  3526 | D:3      | Found a sacrificial altar of Ru.
  3849 | D:2      | Reached skill level 5 in Armour
  3979 | D:2      | Reached skill level 1 in Axes
  4431 | D:3      | Noticed Grinder
  4447 | D:3      | Paralysed by Grinder for 2 turns
  4794 | D:3      | Paralysed by Grinder for 7 turns
  4807 | D:3      | Paralysed by Grinder for 7 turns
  5553 | D:3      | Killed Grinder
  5553 | D:3      | Reached skill level 7 in Fighting
  5553 | D:3      | Reached XP level 7. HP: 59/60 MP: 7/7
  5711 | D:4      | Killed Duvessa
  5744 | D:4      | Killed Dowan
  6095 | D:4      | Found a staircase to the Ecumenical Temple.
  6149 | D:4      | Reached skill level 5 in Axes
  6149 | D:4      | Reached XP level 8. HP: 67/68 MP: 8/8
  6565 | D:5      | Reached skill level 8 in Fighting
  6601 | D:5      | Found a hide-covered altar of Uskayaw.
  6652 | D:5      | Noticed rlgrobin's ghost (novice BuWn)
  6694 | D:5      | HP: 3/68 [rlgrobin's ghost (8)]
  6698 | D:5      | Killed rlgrobin's ghost
  7041 | D:5      | Noticed Edmund
  7052 | D:5      | Killed Edmund
  7052 | D:5      | Reached XP level 9. HP: 36/75 MP: 3/9
  7904 | D:6      | Reached skill level 9 in Fighting
  8360 | D:6      | Reached skill level 5 in Dodging
  8949 | D:7      | Found a shimmering altar of Xom.
  8962 | D:7      | Found a shimmering altar of Xom.
  8963 | D:7      | Found a shimmering altar of Xom.
  8963 | D:7      | Found a shimmering altar of Xom.
  8963 | D:7      | Found a shimmering altar of Xom.
  8983 | D:7      | Found a shimmering altar of Xom.
  8989 | D:7      | Found a shimmering altar of Xom.
  9001 | D:7      | Found a shimmering altar of Xom.
  9270 | D:7      | Noticed a hornet
  9280 | D:7      | Paralysed by a hornet for 2 turns
  9729 | D:7      | Killed a hornet
  9763 | D:7      | Found a bloodstained altar of Trog.
  9843 | D:7      | Reached XP level 10. HP: 81/85 MP: 6/10
  9886 | D:7      | Found a shadowy altar of Dithmenos.
 10118 | D:8      | Reached skill level 10 in Fighting
 10511 | D:8      | Found a blossoming altar of Fedhas.
 10895 | D:9      | Noticed DarkwingDuck's ghost (journeyman OgTm)
 10960 | D:9      | Killed DarkwingDuck's ghost
 11024 | D:9      | Reached skill level 10 in Armour
 11201 | D:9      | Noticed a deep elf mage
 11206 | D:9      | Killed a deep elf mage
 11224 | D:9      | Noticed a deep elf mage
 11230 | D:9      | Killed a deep elf mage
 11264 | D:9      | Noticed Erolcha
 11265 | D:9      | Paralysed by Erolcha for 2 turns
 11276 | D:9      | Killed Erolcha
 11276 | D:9      | Reached skill level 11 in Fighting
 11329 | D:9      | Reached XP level 11. HP: 93/93 MP: 9/11
 11705 | D:9      | Noticed Grum
 11753 | D:9      | Reached skill level 10 in Axes
 12217 | D:9      | Killed Grum
 13295 | D:9      | Noticed a two-headed ogre
 13765 | D:9      | Killed a two-headed ogre
 13831 | D:9      | Noticed a two-headed ogre
 13856 | D:9      | Killed a two-headed ogre
 14383 | Temple   | Entered the Ecumenical Temple
 14487 | Temple   | Became a worshipper of Cheibriados the Contemplative
 14487 | Temple   | Reached * piety under Cheibriados
 14487 | Temple   | Reached ** piety under Cheibriados
 14705 | D:10     | Entered Level 10 of the Dungeon
 15405 | D:11     | Found a staircase to the Orcish Mines.
 15408 | D:11     | Reached skill level 1 in Invocations
 15418 | D:11     | Noticed Erica
 15625 | D:10     | HP: 3/95 [something/orb of energy (12)]
 15637 | D:10     | Noticed a two-headed ogre
 15723 | D:11     | Reached *** piety under Cheibriados
 15723 | D:11     | Reached skill level 12 in Fighting
 16013 | D:11     | Noticed a deep troll
 16014 | D:11     | Noticed an ettin
 16025 | D:10     | Slain by a two-headed ogre

Vault maps used:
D:1:      scummos_arrival_gate
D:2:      uniq_jessica
D:3:      old_standard_altar, uniq_terence, uniq_grinder
D:4:      lemuel_temple_firewalk_b, first_bread, uniq_duvessa, uniq_iyjb
D:5:      old_standard_altar, uniq_edmund
D:6:      cheibrodos_fzero, hangedman_abyss_or_decor_passed, minmay_bent
D:7:      xom_redecorated, kennysheep_mini, nicolae_overflow_hidden_temple
D:8:      kennysheep_little_box
D:9:      hangedman_pestilent_swarm, corexii_leaking_fountain,
          hangedman_minor_magic, uniq_erolcha, uniq_grum
D:10:     evilmike_surprise_oklob
D:11:     minmay_lair_entry_lava, orc_0_dummy, amethyst_killhole,
          minmay_the_grid_plus, uniq_erica
Temple:   regret_index_temple_waves

Skill      XL: |  1  2  3  4  5  6  7  8  9 10 11 |
---------------+----------------------------------+-----
Fighting       | 5 6 7 8 9 11 12 | 12.0
Armour         | 1 2 3 4 5 6 7 9 10 11 | 11.6
Axes           | 2 5 7 8 9 10 | 10.7
Dodging        | 6 7 9 |  9.2
Invocations    | 1 |  1.4
Stealth        | |  3.6

Action                   |  1- 3 |  4- 6 |  7- 9 | 10-12 || total
-------------------------+-------+-------+-------+-------++-------
Melee: Unarmed           |    50 |       |       |       ||    50
       Short sword       |   178 |   186 |       |       ||   364
       Falchion          |       |    56 |       |       ||    56
       Morningstar       |       |    84 |   399 |   462 ||   945
       Broad axe         |       |       |       |   118 ||   118
 Abil: Hop               |       |       |       |     4 ||     4
Evoke: Wand              |       |     2 |     2 |     4 ||     8
  Use: Scroll            |     3 |     3 |     2 |    12 ||    20
       Potion            |     1 |     5 |     3 |     8 ||    17
 Stab: Sleeping          |     6 |       |       |       ||     6
       Confused          |       |       |       |     2 ||     2
  Eat: Chunk             |     5 |    12 |    16 |    18 ||    51
       Royal jelly       |       |       |       |     2 ||     2
       Fruit             |       |       |       |     1 ||     1
Armor: Robe              |    56 |       |       |       ||    56
       Leather armour    |     5 |     5 |       |       ||    10
       Plate armour      |       |   282 |   372 |   470 ||  1124
       Skin              |       |       |       |   179 ||   179
Dodge: Dodged            |   216 |    95 |   165 |   339 ||   815
       Rpst.: Falchion   |       |     2 |       |       ||     2
